 Dungeon Crawl Stone Soup version 0.17-a0-1900-g45e8110 (webtiles) character file.

8184 Goblin1989 the Covert (level 11, -2/62 HPs)
             Began as a Vine Stalker Monk on Sept 24, 2015.
             Was a Priest of Ashenzari.
             Slain by a polar bear (3 damage)
             ... on level 1 of the Lair of Beasts on Sept 25, 2015.
             The game lasted 00:58:03 (9235 turns).

Goblin1989 the Covert (Vine Stalker Monk)           Turns: 9235, Time: 00:58:03

Health: -2/62      AC: 11    Str: 20    XL:     11   Next: 26%
Magic:  0/12       EV: 16    Int: 13    God:    Ashenzari [***...]
Gold:   434        SH:  0    Dex: 16    Spells: 2 memorised, 5 levels left

rFire  . . .     SeeInvis +       - Unarmed
rCold  + . .     Rnd*Rage +     t - +2 leather armour {rC+} (curse)
rNeg   . . .     SustAt   .     (no shield)
rPois  .         Gourm    .     (helmet restricted)
rElec  .         Spirit   +     y - +1 cloak
rCorr  .         Warding  .     q - +0 pair of gloves (curse)
rMut   .         Stasis   .     r - +2 pair of boots (curse)
MR     +....                    (no amulet)
Stlth  ++........               x - +5 ring of strength (curse)
                                f - +2 ring of evasion (curse)

@: confused, somewhat resistant to hostile enchantments, unstealthy
A: antennae 1, fangs 3, berserk 1, regeneration 2, screaming 1, magic shield,
antimagic bite, no device heal 3, rot immunity
a: Scrying, Renounce Religion


You were on level 1 of the Lair of Beasts.
You worshipped Ashenzari.
Ashenzari was most pleased with you.
You were very hungry.

You visited 3 branches of the dungeon, and saw 12 of its levels.

You collected 459 gold pieces.
You spent 25 gold pieces at shops.

Inventory:

Hand weapons
 b - a +5 blowgun
Missiles
 J - 47 poisoned needles
 M - a throwing net (quivered)
Armour
 q - a cursed +0 pair of gloves (worn)
 r - a cursed +2 pair of boots (worn)
 t - a cursed +2 leather armour of cold resistance (worn)
 w - a +0 helmet
 y - a +1 cloak (worn)
Jewellery
 f - a cursed +2 ring of evasion (left hand)
 x - a cursed +5 ring of strength (right hand)
Magical devices
 j - a wand of fire (6)
 l - a wand of polymorph (12)
 m - a wand of frost (14)
 B - a wand of paralysis (15)
 H - a wand of slowing (7)
 K - a wand of polymorph (2)
 O - a wand of confusion (28)
 P - a wand of confusion (17)
Scrolls
 c - a scroll of teleportation
 g - a scroll of amnesia
 h - 4 scrolls of curse weapon
 i - 2 scrolls of magic mapping
 k - 3 scrolls of curse jewellery
 n - a scroll of summoning
Potions
 e - a potion of ambrosia
 s - 2 potions of flight
 E - 2 potions of brilliance
Books
 d - a book of Minor Magic

   Spells                             Type                      Level
   a - Magic Dart                     Conjuration                  1
   b - Blink                          Translocation                2
   c - Call Imp                       Summoning                    2
   d - Repel Missiles                 Charms/Air                   2
   e - Slow                           Hexes                        2
   f - Conjure Flame                  Conjuration/Fire             3
   g - Mephitic Cloud                 Conjuration/Poison/Air       3
 N - a book of Battle

   Spells                             Type                      Level
   a - Infusion                       Charms                       1
   b - Shroud of Golubria             Charms/Translocation         2
   c - Song of Slaying                Charms                       2
   d - Spectral Weapon                Hexes/Charms                 3
   e - Regeneration                   Charms/Necromancy            3
Comestibles
 a - 15 fruits
 o - a royal jelly
 D - 2 meat rations
 I - 8 bread rations


   Skills:
 * Level 9.2 Fighting
 - Level 2.4(4.0) Dodging
 - Level 12.0(13.6) Stealth
 + Level 11.3 Unarmed Combat
 + Level 0.8(1.8) Charms
 + Level 1.4(2.7) Necromancy


You had 5 spell levels left.
You knew the following spells:

 Your Spells              Type           Power        Failure   Level  Hunger
a - Regeneration          Chrm/Necr      #.........   50%         3    ####...
b - Repel Missiles        Chrm/Air       #.....       38%         2    ###....


Dungeon Overview and Level Annotations

Branches:
Dungeon (10/15)            Temple (1/1) D:4            Lair (1/8) D:10
    Orc (0/4) D:9

Altars:
Ashenzari
Cheibriados
Dithmenos
Elyvilon
Fedhas
Gozag
Kikubaaqudgha
Makhleb
Nemelex Xobeh
Okawaru
Qazlal
Ru
Sif Muna
Trog
Vehumet
Xom
Yredelemnul
Zin
The Shining One

Shops:
D:7 *

Annotations:
D:9 exclusions: downstairs and obsidian statue


Innate Abilities, Weirdness & Mutations

You have razor-sharp teeth.
You heal very quickly.
When hurt, damage is shared between your health and your magic reserves.
Your bite disrupts and absorbs the magic of your enemies.
Potions and wands cannot restore your health.
You are immune to rotting.
You have a pair of small antennae on your head.
You tend to lose your temper in combat.
You occasionally shout uncontrollably at your foes.


Message History

Drink which item? (? for menu, Esc to quit)
You are confused.
You feel invigorated. The polar bear bites you.
* * * LOW HITPOINT WARNING * * *
The polar bear claws you but does no damage. x2
The polar bear bites you.
* * * LOW HITPOINT WARNING * * *
The polar bear claws you but does no damage. x2
You barely miss the polar bear.
You bite the polar bear, but do no damage.
The polar bear bites you. The polar bear claws you. The polar bear claws you.
* * * LOW HITPOINT WARNING * * *
You bump into the rock wall.
The polar bear bites you!
* * * LOW HITPOINT WARNING * * *
The polar bear claws you but does no damage.
The polar bear claws you.
Unknown command.
You're too confused to move!
The polar bear bites you!
You die...

#.....## #...≈..≈≈≈["?(≈
##......#### #..≈≈≈≈≈≈≈≈≈≈≈≈
#P...#....P## #...≈..≈≈≈≈≈≈≈≈
...#.####...#### #.≈≈...≈≈≈≈≈≈≈≈
...########....## #.≈.≈.≈≈≈≈≈≈≈≈≈
........#####...###.≈≈≈≈.≈≈≈≈..≈≈
.........## ###.†.†..≈≈≈≈........
..........## #.#h..⌠.≈≈≈†.......
...........## ##@#...............
............# ###.............##
.>..........# #............###
............# #...........##
...........## #....?.......#
...........# ##...........#
..........## #............#
..........P# ##...........#
..........## #...........#


You could see a polar bear.

Vanquished Creatures
  A queen ant (D:9)
  Pikel (D:9)
  Maurice (D:8)
  A troll (D:9)
  A freezing wraith (Lair:1)
  The ghost of Anothat the Sneak, an average VSMo (D:5)
  A wyvern (D:9)
  A hippogriff (D:8)
  A hungry ghost (D:7)
  Menkaure (D:7)
  The ghost of Anothat the Ruffian, an average VSMo (D:4)
  8 soldier ants (D:9)
  4 ice beasts
  A water moccasin (D:7)
  4 orc warriors
  4 slaves (D:7)
  2 sky beasts (D:8)
  6 ogres
  5 centaurs
  A crocodile (Lair:1)
  5 giant frogs
  2 big kobolds
  A wyvern zombie (D:7)
  4 scorpions
  4 killer bees (D:8)
  A vampire bat (D:6)
  A jelly (D:5)
  2 quasits
  3 crimson imps
  2 giant frog skeletons
  4 orc priests
  12 orc wizards
  Crazy Yiuf (D:7)
  A gnoll shaman (D:9)
  3 hounds
  Jessica (D:3)
  2 iguanas
  Natasha (thrice) (D:3)
  20 worker ants
  2 worker ant zombies
  8 gnolls
  6 river rats (Lair:1)
  10 adders
  2 shadow imps
  4 worms
  4 giant geckos
  35 orcs
  A ball python (D:2)
  8 bats
  4 bat skeletons (D:6)
  2 bat zombies (D:6)
  6 giant cockroaches
  8 goblins
  4 hobgoblins
  2 jackals (D:7)
  17 kobolds
  5 quokkas
  9 giant newts
  24 rats
279 creatures vanquished.

Vanquished Creatures (others)
  A plant (D:5)
1 creature vanquished.

Grand Total: 280 creatures vanquished

Notes
Turn   | Place    | Note
--------------------------------------------------------------
     0 | D:1      | Goblin1989 the Vine Stalker Monk began the quest for the Orb.
     0 | D:1      | Reached XP level 1. HP: 11/11 MP: 2/2
   147 | D:1      | Reached XP level 2. HP: 16/16 MP: 3/3
   748 | D:1      | Reached XP level 3. HP: 19/19 MP: 4/4
  1175 | D:2      | Reached skill level 5 in Unarmed Combat
  1192 | D:2      | Found a blossoming altar of Fedhas.
  1306 | D:2      | Reached XP level 4. HP: 23/23 MP: 5/5
  1495 | D:3      | Noticed Jessica
  1503 | D:3      | Killed Jessica
  1516 | D:3      | Reached XP level 5. HP: 15/27 MP: 3/6
  1568 | D:3      | Found a sparkling altar of Nemelex Xobeh.
  1737 | D:3      | Noticed Natasha
  1747 | D:3      | Killed Natasha
  1797 | D:3      | Found a shimmering altar of Xom.
  1798 | D:3      | Found a shimmering altar of Xom.
  1798 | D:3      | Found a shimmering altar of Xom.
  1798 | D:3      | Found a shimmering altar of Xom.
  1859 | D:3      | Found a shimmering altar of Xom.
  1863 | D:3      | Found a shimmering altar of Xom.
  1905 | D:4      | Found a basalt altar of Yredelemnul.
  1924 | D:4      | Reached skill level 6 in Unarmed Combat
  2158 | D:4      | Gained mutation: You heal very quickly. [Vine Stalker growth]
  2158 | D:4      | Reached XP level 6. HP: 15/32 MP: 5/7
  2341 | D:4      | Found a staircase to the Ecumenical Temple.
  2347 | Temple   | Entered the Ecumenical Temple
  2406 | Temple   | Became a worshipper of Ashenzari the Shackled
  2406 | Temple   | Acquired Ashenzari's first power
  2406 | Temple   | Acquired Ashenzari's second power
  2455 | D:4      | Noticed an ogre
  2459 | D:4      | Noticed an ogre
  2462 | D:4      | Killed an ogre
  2462 | D:4      | Reached skill level 5 in Stealth
  2473 | D:4      | Killed an ogre
  2691 | D:4      | Noticed Anothat's ghost (average VSMo)
  2694 | D:5      | Entered Level 5 of the Dungeon
  2816 | D:5      | Reached skill level 7 in Unarmed Combat
  2816 | D:5      | Reached XP level 7. HP: 27/35 MP: 5/8
  3115 | D:5      | Noticed Anothat's ghost (average VSMo)
  3285 | D:6      | Got the cursed trident of Geonoqas {speed, rElec SInv}
  3286 | D:6      | Identified the cursed +1 trident of Geonoqas {speed, rElec SInv} (You found it on level 6 of the Dungeon)
  3438 | D:6      | Reached skill level 8 in Unarmed Combat
  3605 | D:6      | Found an ancient bone altar of Kikubaaqudgha.
  3613 | D:6      | Gained mutation: You have razor-sharp teeth. [Vine Stalker growth]
  3613 | D:6      | Reached XP level 8. HP: 39/39 MP: 9/9
  3669 | D:7      | Noticed Crazy Yiuf
  3678 | D:7      | Killed Crazy Yiuf
  3757 | D:7      | Found a snail-covered altar of Cheibriados.
  3849 | D:7      | Found Xepub's Assorted Antiques.
  3856 | D:7      | Bought a fuming emerald potion for 25 gold pieces
  3858 | D:7      | Gained mutation: You have a pair of small antennae on your head. [potion of mutation]
  3858 | D:7      | Gained mutation: You tend to lose your temper in combat. [potion of mutation]
  3858 | D:7      | Gained mutation: You occasionally shout uncontrollably at your foes. [potion of mutation]
  4023 | D:7      | Reached skill level 9 in Unarmed Combat
  4192 | D:7      | Learned a level 3 spell: Mephitic Cloud
  4655 | D:7      | Noticed Menkaure
  4863 | D:7      | Killed Menkaure
  4863 | D:7      | Reached skill level 10 in Unarmed Combat
  4863 | D:7      | Reached XP level 9. HP: 43/43 MP: 10/10
  5589 | D:8      | Found a bloodstained altar of Trog.
  5674 | D:8      | Reached skill level 5 in Fighting
  5851 | D:9      | Reached skill level 10 in Stealth
  5895 | D:9      | Found a staircase to the Orcish Mines.
  5946 | D:9      | Noticed an obsidian statue
  6190 | D:8      | Found a shadowy altar of Dithmenos.
  6206 | D:7      | Reached XP level 10. HP: 24/53 MP: 11/11
  6579 | D:5      | Killed Anothat's ghost
  6829 | D:4      | Killed Anothat's ghost
  6882 | D:3      | Noticed Natasha
  6886 | D:3      | Killed Natasha
  6898 | D:3      | Noticed Natasha
  6907 | D:3      | Killed Natasha
  7114 | D:3      | Found a shimmering altar of Xom.
  7266 | D:8      | Found a stormy altar of Qazlal.
  7327 | D:8      | Noticed Maurice
  7346 | D:8      | Killed Maurice
  7759 | D:9      | Reached skill level 11 in Stealth
  7769 | D:9      | Noticed Pikel
  7790 | D:9      | Killed Pikel
  8006 | D:9      | HP: 2/56 [worker ant (3)]
  8229 | D:8      | Learned a level 3 spell: Regeneration
  8232 | D:8      | Learned a level 2 spell: Repel Missiles
  8372 | D:9      | Noticed a queen ant
  8404 | D:9      | Killed a queen ant
  8404 | D:9      | Reached XP level 11. HP: 40/60 MP: 8/12
  8460 | D:9      | Reached skill level 12 in Stealth
  8605 | D:9      | Acquired Ashenzari's third power
  8816 | D:9      | Found a blossoming altar of Fedhas.
  8876 | D:10     | Entered Level 10 of the Dungeon
  8880 | D:10     | Noticed a hill giant
  8931 | D:10     | Found a staircase to the Lair.
  8941 | Lair:1   | Entered Level 1 of the Lair of Beasts
  9183 | Lair:1   | Reached skill level 1 in Necromancy
  9198 | Lair:1   | Identified the amulet "Oteozaafoi" {Faith Dex+2}
  9218 | Lair:1   | HP: 3/62 [polar bear (2)]
  9234 | Lair:1   | HP: 1/62 [polar bear (4)]
  9235 | Lair:1   | Slain by a polar bear

Vault maps used:
D:1:      scummos_arrival_gate, minmay_door_square, minmay_parallelograms,
          minmay_statues_item
D:2:      fedhas_altar_2
D:3:      xom_redecorated, nemelex_xobeh_ov_fountains_minmay,
          kennysheep_generic_room_15, uniq_jessica, uniq_natasha
D:4:      yredelemnul_altar_generic, minmay_temple_entry_fiery, first_bread,
          minmay_misc_feat_more_columns, minivault_14, minmay_strange_pillars,
          minmay_rat_hole
D:5:      serial_bayou_lagoon_a
D:6:      kennysheep_vampire_church, hangedman_abyss_or_decor_lesser_grid,
          interstate_on_off
D:7:      basic_altar, serial_shops, shop, uniq_pikel, uniq_crazy_yiuf_cottage,
          uniq_menkaure
D:8:      gammafunk_temple_overflow_statue, lemuel_crystal_altar, uniq_maurice
D:9:      hangedman_tree_tricks, minivault_16, minmay_another_anthill
D:10:     lair_0_dummy, guppyfry_shop_venom
Temple:   zaba_magenta_temple_12
Lair:1:   ice2_lemuel

Action                   |  1- 3 |  4- 6 |  7- 9 | 10-12 || total
-------------------------+-------+-------+-------+-------++-------
Melee: Unarmed           |    79 |   126 |   381 |   274 ||   860
 Fire: Blowgun           |       |       |       |    10 ||    10
Evoke: Wand              |       |       |     6 |     8 ||    14
  Use: Scroll            |       |     3 |     8 |    20 ||    31
       Potion            |       |       |     6 |     3 ||     9
 Stab: Sleeping          |    10 |     8 |    19 |     8 ||    45
       Distracted        |       |       |     3 |     5 ||     8
       Confused          |       |       |       |     1 ||     1
  Eat: Chunk             |     1 |     4 |    14 |     8 ||    27
       Royal jelly       |       |       |     1 |       ||     1
       Fruit             |       |       |       |     2 ||     2
